 Dungeon Crawl Stone Soup version 0.31-a0-180-g519b7de00c (webtiles) character file.

Game seed: 15259524189842860996

109 qw the Shooter (level 4, -3/42 HPs)
             Began as a Naga Hunter on June 19, 2023.
             Slain by an orc priest
             ... wielding a +2 hand axe of venom
              (6 damage)
             ... on level 3 of the Dungeon.
             The game lasted 00:00:35 (1769 turns).

qw the Shooter (Naga Hunter)                        Turns: 1769, Time: 00:00:35

Health: -3/42      AC:  3    Str: 13    XL:     4   Next: 89%
Magic:  4/4        EV:  9    Int: 10    God:
Gold:   66         SH:  0    Dex: 16    Spells: 3/3 levels left

rFire   . . .        Y - +0 shortbow
rCold   + . .        (shield currently unavailable)
rNeg    . . .        c - +0 leather armour
rPois   +            g - +0 helmet
rElec   .            (no cloak)
rCorr   .            (no gloves)
SInv    +            (no barding)
Will    .....        (no amulet)
Stlth   ++           f - ring of protection from cold
HPRegen 0.27/turn    (no ring)
MPRegen 0.09/turn

%: no passive effects
@: short of breath, very slow
A: AC +1, large, see invisible, deformed body, poison resistance, slowness 2,
spit poison 1, naga tail 1
a: Spit Poison


You were on level 3 of the Dungeon.
You visited 1 branch of the dungeon, and saw 3 of its levels.

You collected 131 gold pieces.
You spent 65 gold pieces at shops.


Innate Abilities, Weirdness & Mutations

Your serpentine skin is tough. (AC +1)
You have supernaturally acute eyesight. (SInv)
Armour fits poorly on your strangely shaped body.
Your system is resistant to poisons. (rPois)
You cover ground very slowly.
You can spit poison.
You have a snake-like lower body.


   Skills:
 - Level 3.1 Fighting
 + Level 5.0 Ranged Weapons
 - Level 1.5 Dodging
 - Level 1.5 Stealth


You had 3 spell levels left.
You didn't know any spells.
Your spell library was empty.

Inventory:

Hand Weapons
 Y - a +0 shortbow (weapon)
Armour
 c - a +0 leather armour (worn)
 g - a +0 helmet (worn)
Jewellery
 f - a ring of protection from cold (left hand)
Scrolls
 e - a scroll of vulnerability {unknown}
 j - a scroll of identify
Potions
 a - a potion of enlightenment
 b - a potion of mutation
 d - a potion of curing
 h - a potion of haste {unknown}
 k - a potion of lignification {unknown}

Dungeon Overview and Level Annotations

Branches:
Dungeon (3/15)

Altars:

Shops:
D:2 ![


Message History

The orc priest hits you with a +2 hand axe of venom.
The orc wizard hits you with a +0 dagger.
You shoot an arrow. The arrow hits the orc wizard.
The orc wizard is almost dead.
You feel sick.
The orc priest hits you with a +2 hand axe of venom.
The orc wizard barely misses you.
You shoot an arrow.
The arrow hits the orc wizard but does no damage.
The orc wizard is almost dead.
You feel sick.
The orc priest calls down the wrath of Beogh upon you.
Pain shoots through your body! The orc wizard barely misses you.
You shoot an arrow.
The arrow closely misses the orc wizard.
You feel sick.
You are no longer poisoned.
The orc priest barely misses you.
The orc wizard hits you with a +0 dagger.
You shoot an arrow.
The arrow closely misses the orc wizard.
The orc priest hits you but does no damage.
The orc wizard barely misses you.
You shoot an arrow. The arrow hits the orc wizard.
You kill the orc wizard!
You have got your breath back.
The orc priest hits you with a +2 hand axe of venom. x2
Your Fighting skill increases to level 3!
1768 ||| INVOKING Spit Poison.
Aiming: Spit Poison (1% risk of failure)
Press: ? - help, Shift-Dir - straight line, f - orc priest The splash of poison hits the orc priest.
The orc priest is poisoned.
The orc priest is severely wounded.
The orc priest hits you with a +2 hand axe of venom.
You shoot an arrow.
The arrow hits the orc priest but does no damage.
The orc priest is severely wounded.
The orc priest hits you with a +2 hand axe of venom.
You die...

#.# #.#
###########.###### #
#.........#......## #
#.#######..)......#
###.#########.......#
'.................%.####
###.##########...)......
# #.# #..@o.).).. . #.#
#####...... # ..# #+####
..# ..# #...


You could see an orc priest (poisoned).

Vanquished Creatures
  An orc wizard (D:3)
  Robin (D:2)
  An adder (D:2)
  3 worms (D:3)
  2 dart slugs (D:1)
  2 orcs (D:3)
  3 ball pythons
  2 bats (D:2)
  6 endoplasms
  A giant cockroach (D:1)
  7 hobgoblins
  2 jackals (D:1)
  2 frilled lizards
  7 goblins (D:2)
  5 kobolds
  2 rats
47 creatures vanquished.

Notes
Turn   | Place    | Note
-------+----------+-------------------------------------------
     0 | D:1      | qw the Naga Hunter began the quest for the Orb.
     0 | D:1      | Reached XP level 1. HP: 19/19 MP: 1/1
     0 | D:1      | 0 ||| qw: Version: 0.3-a-7-ge0c9b40
     0 | D:1      | 0 ||| qw: Game counter: 1080
     0 | D:1      | 0 ||| qw: Always use a shield: true
     0 | D:1      | 0 ||| qw: God list: Okawaru
     0 | D:1      | 0 ||| qw: Allow faded altars: false
     0 | D:1      | 0 ||| qw: Do Orc after D:15 true
     0 | D:1      | 0 ||| qw: Do second Lair branch before Depths: true
     0 | D:1      | 0 ||| qw: Lair rune preference: random
     0 | D:1      | 0 ||| qw: Plans: Normal
     0 | D:1      | 0 ||| PLANNING D:1-11
    78 | D:1      | 78 ||| FLEEEEING.
    79 | D:1      | 79 ||| FLEEEEING.
    80 | D:1      | 80 ||| FLEEEEING.
    84 | D:1      | 84 ||| FLEEEEING.
    85 | D:1      | 85 ||| FLEEEEING.
    86 | D:1      | 86 ||| FLEEEEING.
    87 | D:1      | 87 ||| FLEEEEING.
    88 | D:1      | 88 ||| INVOKING Spit Poison.
    89 | D:1      | 89 ||| FLEEEEING.
    90 | D:1      | 90 ||| FLEEEEING.
   134 | D:1      | 134 ||| INVOKING Spit Poison.
   139 | D:1      | 139 ||| INVOKING Spit Poison.
   143 | D:1      | Reached skill level 4 in Ranged Weapons
   143 | D:1      | Reached XP level 2. HP: 25/26 MP: 2/2
   155 | D:1      | 155 ||| INVOKING Spit Poison.
   305 | D:1      | 305 ||| INVOKING Spit Poison.
   336 | D:1      | 336 ||| INVOKING Spit Poison.
   486 | D:1      | 486 ||| INVOKING Spit Poison.
   523 | D:1      | 523 ||| INVOKING Spit Poison.
   619 | D:1      | 619 ||| INVOKING Spit Poison.
   710 | D:1      | 710 ||| READING scroll labelled JOULA YR XOI.
   711 | D:1      | 711 ||| READING scroll labelled FOSMUGGAIBEY.
   712 | D:1      | 712 ||| READING scroll labelled BUMICO WUGRUNE.
   713 | D:1      | 713 ||| DRINKING 2 fuming green potions.
   714 | D:1      | 714 ||| DROPPING scroll of butterflies.
   791 | D:2      | Found Enaased's Distillery.
   798 | D:2      | 798 ||| BUYING potion of enlightenment (65 gold).
   798 | D:2      | Bought a potion of enlightenment for 65 gold pieces
   798 | D:2      | 798 ||| SHOPLISTING potion of heal wounds (65 gold, have
                  | 26).
  1006 | D:2      | 1006 ||| INVOKING Spit Poison.
  1010 | D:2      | Found Asops's Armour Shop.
  1010 | D:2      | Noticed Robin
  1011 | D:2      | 1011 ||| INVOKING Spit Poison.
  1015 | D:2      | Reached XP level 3. HP: 22/32 MP: 3/3
  1016 | D:2      | 1016 ||| INVOKING Spit Poison.
  1019 | D:2      | 1019 ||| INVOKING Spit Poison.
  1023 | D:2      | 1023 ||| INVOKING Spit Poison.
  1025 | D:2      | HP: 8/32 [hobgoblin[Robin] (3)]
  1029 | D:2      | 1029 ||| INVOKING Spit Poison.
  1031 | D:2      | HP: 3/32 [hobgoblin[Robin] (1)]
  1034 | D:2      | 1034 ||| INVOKING Spit Poison.
  1037 | D:2      | 1037 ||| INVOKING Spit Poison.
  1037 | D:2      | Killed Robin
  1151 | D:2      | 1151 ||| SHOPLISTING +2 ring mail of fire resistance (252
                  | gold, have 41).
  1199 | D:2      | 1199 ||| INVOKING Spit Poison.
  1209 | D:2      | 1209 ||| INVOKING Spit Poison.
  1241 | D:2      | 1241 ||| INVOKING Spit Poison.
  1264 | D:2      | 1264 ||| INVOKING Spit Poison.
  1265 | D:2      | Reached skill level 5 in Ranged Weapons
  1265 | D:2      | Reached XP level 4. HP: 39/39 MP: 4/4
  1298 | D:2      | 1298 ||| INVOKING Spit Poison.
  1405 | D:2      | 1405 ||| INVOKING Spit Poison.
  1425 | D:2      | 1425 ||| INVOKING Spit Poison.
  1613 | D:2      | 1613 ||| INVOKING Spit Poison.
  1675 | D:2      | 1675 ||| UPGRADING to +0 helmet.
  1680 | D:2      | 1680 ||| UPGRADING to ring of protection from cold.
  1681 | D:2      | 1681 ||| READING 2 scrolls labelled GENUGA INUTURPH.
  1682 | D:2      | 1682 ||| READING scroll labelled QOATOGO ADIKLA.
  1683 | D:2      | 1683 ||| READING 2 scrolls of identify.
  1683 | D:2      | 1683 ||| IDENTIFYING fizzy orange potion
  1684 | D:2      | 1684 ||| DROPPING scroll of immolation.
  1690 | D:3      | 1690 ||| INVOKING Spit Poison.
  1729 | D:3      | 1729 ||| INVOKING Spit Poison.
  1749 | D:3      | 1749 ||| INVOKING Spit Poison.
  1756 | D:3      | 1756 ||| INVOKING Spit Poison.
  1761 | D:3      | 1761 ||| INVOKING Spit Poison.
  1767 | D:3      | HP: 6/40 [orc priest/+2 hand axe of venom (5)]
  1768 | D:3      | Reached skill level 3 in Fighting
  1768 | D:3      | 1768 ||| INVOKING Spit Poison.
  1768 | D:3      | HP: 2/42 [orc priest/+2 hand axe of venom (4)]
  1769 | D:3      | Slain by an orc priest

Levels and vault maps discovered:
D:1:      matt_arrival_spirals, layout_loops_ring
D:2:      layout_loops_corners, serial_shops, shop, shop,
          corexii_item_surrounded_by_moat, uniq_robin
D:3:      layout_basic, gammafunk_temple_overflow_statue, gammafunk_ghost_smash,
          uniq_jessica

Skill      XL: |  1  2  3  4 |
---------------+-------------+-----
Ranged Weapons | 4 5 |  5.0
Fighting       | 3 |  3.1
Dodging        | |  1.5
Stealth        | |  1.5

Action                     |  1- 3 |  4- 6 || total
---------------------------+-------+-------++-------
   Fire: Shortbow          |    45 |    37 ||    82
Ability: Spit Poison       |    21 |    10 ||    31
    Use: Scroll            |     3 |     3 ||     6
         Potion            |     1 |       ||     1
 Armour: Leather armour    |     4 |     3 ||     7
  Dodge: Dodged            |    12 |     6 ||    18

Table legend:
 A = Non-vault XP
 B = Vault XP
 C = Vault XP percentage of total XP
 D = Non-vault monster count
 E = Vault monster count
 F = Vault count percentage of total count
                 A         B        C        D         E       F
            +---------+---------+-------+---------+---------+-------
      Total |     120 |      36 |  23.1 |      35 |      12 |  25.5
            +---------+---------+-------+---------+---------+-------
        D:1 |      29 |       0 |   0.0 |      14 |       0 |   0.0
        D:2 |      32 |      36 |  52.9 |      14 |      12 |  46.2
        D:3 |      59 |       0 |   0.0 |       7 |       0 |   0.0
            +---------+---------+-------+---------+---------+-------
